 Dungeon Crawl Stone Soup version 0.28-a0-1616-g050a50673c (webtiles) character file.

Game seed: 656538319009907490

28817 blank1 the Fighter (level 13, 0/125 HPs)
             Began as a Minotaur Fighter on Jan 23, 2022.
             Was a High Priest of Okawaru.
             Slain by a juggernaut simulacrum (58 damage)
             ... on level 2 of the Abyss.
             The game lasted 00:32:35 (14517 turns).

blank1 the Fighter (Minotaur Fighter)              Turns: 14517, Time: 00:32:35

Health: 0/125      AC: 27    Str: 32    XL:     13   Next: 11%
Magic:  15/15      EV: 15    Int: 10    God:    Okawaru [*****.]
Gold:   705        SH:  5    Dex: 15    Spells: 12/12 levels left

rFire   + . .      SeeInvis .   w - +9 flail of Valour {drain, Dex+2}
rCold   . . .      Faith    .   c - +0 buckler
rNeg    . . .      Spirit   .   m - +6 plate armour "Zuwnad" {rF+ Str+3 Int+5 Stlth-}
rPois   .          Reflect  .   (helmet restricted)
rElec   .          Harm     .   o - +0 cloak
rCorr   .          Rampage  .   E - +0 pair of gloves
Will    .....                   t - +0 pair of boots
Stlth   ..........              (no amulet)
HPRegen 0.30/turn               a - +6 ring of strength
MPRegen 0.14/turn               L - +4 ring of evasion

@: no status effects
A: horns 2, retaliatory headbutt
a: Renounce Religion, Heroism, Finesse, Duel


You were on level 2 of the Abyss.
You worshipped Okawaru.
Okawaru was extremely pleased with you.
You visited 3 branches of the dungeon, and saw 13 of its levels.
You visited the Abyss 1 time.
You also visited: Bailey.

You collected 705 gold pieces.

Inventory:

Hand Weapons
 j - a +1 flail of holy wrath
 w - the +9 flail of Valour (weapon) {drain, Dex+2}
   (You found it on level 7 of the Dungeon)

   A truly terrible weapon, it drains the life of any living foe it strikes.
   Dex:       It affects your dexterity (+2).
 D - the +9 arbalest of the Apocalypse {freeze, Will+ rCorr Str+5 Dex+2}
   (You found it on level 8 of the Dungeon)

   Any ammunition fired from it freezes those it strikes, dealing additional
   cold damage.
   It can also slow down cold-blooded creatures.
   Str:       It affects your strength (+5).
   Dex:       It affects your dexterity (+2).
   rCorr:     It protects you from acid and corrosion.
   Will:      It increases your willpower.
Missiles
 I - 452 bolts
Armour
 c - a +0 buckler (worn)
 m - the +6 plate armour "Zuwnad" (worn) {rF+ Str+3 Int+5 Stlth-}
   (You acquired it on level 10 of the Dungeon)

   Str:       It affects your strength (+3).
   Int:       It affects your intelligence (+5).
   rF:        It protects you from fire.
   Stlth:     It makes you less stealthy.
 o - a +0 cloak (worn)
 t - a +0 pair of boots (worn)
 E - a +0 pair of gloves (worn)
 F - +0 fire dragon scales
Jewellery
 a - a +6 ring of strength (left hand)
 f - a ring of protection from fire
 v - a ring of flight
 L - a +4 ring of evasion (right hand)
Wands
 n - a wand of flame (9)
 x - a wand of polymorph (1)
 z - a wand of iceblast (6)
 C - a wand of acid (16)
 K - a wand of digging (1)
Scrolls
 g - 10 scrolls of teleportation
 i - 2 scrolls of amnesia
 p - 2 scrolls of fear
 y - 2 scrolls of enchant weapon
 B - 3 scrolls of enchant armour
Potions
 b - 2 potions of flight
 d - 2 potions of might
 e - a potion of haste
 h - 4 potions of heal wounds
 k - 3 potions of curing
 l - 3 potions of lignification
 q - a potion of resistance
 r - a potion of mutation
 s - a potion of ambrosia
 u - a potion of magic {unknown}
 A - a potion of cancellation


   Skills:
 + Level 14.5 Fighting
 - Level 14.0 Maces & Flails
 - Level 4.0 Crossbows
 - Level 14.0 Armour
 + Level 7.0 Dodging
 - Level 5.0 Shields
 - Level 5.0 Invocations


You had 12 spell levels left.
You didn't know any spells.
Your spell library contained the following spells:

 Spells                   Type           Power      Damage    Failure   Level
 Beastly Appendage        Tmut           0%         N/A       95%         1
 Magic Dart               Conj           0%         1d3       95%         1
 Wereblood                Tmut           0%         N/A       98%         2
 Mephitic Cloud           Conj/Pois/Air  0%         N/A       100%        3
 Ozocubu's Armour         Ice            0%         N/A       100%        3
 Portal Projectile        Hex/Tloc       0%         N/A       100%        3
 Spider Form              Tmut/Pois      0%         N/A       100%        3
 Dispel Undead            Necr           0%         3d6       100%        4
 Blade Hands              Tmut           0%         N/A       100%        5
 Excruciating Wounds      Necr           0%         N/A       100%        5
 Fireball                 Conj/Fire      0%         3d3       100%        5
 Irradiate                Conj/Tmut      0%         3d14      100%        5
 Starburst                Conj/Fire      0%         6d3       100%        6
 Dragon Form              Tmut           0%         N/A       100%        7
 Orb of Destruction       Conj           0%         9d5       100%        7
 Ozocubu's Refrigeration  Ice            0%         4d5       100%        7
 Ignition                 Fire           0%         3d3       100%        8
 Necromutation            Tmut/Necr      0%         N/A       100%        8
 Call Imp                 Summ           Unusable   N/A       N/A         2
 Summon Guardian Golem    Hex/Summ       Unusable   N/A       N/A         3
 Spellforged Servitor     Conj/Summ      Unusable   N/A       N/A         7

Dungeon Overview and Level Annotations

Branches:
Dungeon (11/15)            Temple (1/1) D:5            Lair (1/6) D:11
 Bailey (visited)
    Orc: D:9-12

Altars:
Ashenzari
Cheibriados
Dithmenos
Elyvilon
Fedhas
Gozag
Hepliaklqana
Kikubaaqudgha
Makhleb
Nemelex Xobeh
Okawaru
Qazlal
Ru
Sif Muna
Trog
Uskayaw
Vehumet
Wu Jian
Xom
Yredelemnul
Zin
The Shining One

Annotations:
Lair:1 Sonja


Innate Abilities, Weirdness & Mutations

You have a pair of horns on your head.
You reflexively headbutt those who attack you in melee.


Message History

The will-o-the-wisp is lightly damaged.
The will-o-the-wisp blinks!
The small abomination hits you but does no damage.
You barely miss the small abomination.
Your headbutt misses the small abomination.
The small abomination hits you.
You hit the small abomination. You headbutt the small abomination!
The small abomination is severely damaged.
The small abomination hits you.
You hit the small abomination. You headbutt the small abomination.
You destroy the small abomination!
That felt strangely unrewarding.
A juggernaut simulacrum comes into view.
You completely miss the will-o-the-wisp.
Your headbutt misses the will-o-the-wisp.
The will-o-the-wisp is lightly damaged.
The will-o-the-wisp closely misses you. You furiously retaliate!
You headbutt the will-o-the-wisp!!
You hit the will-o-the-wisp but do no damage.
You headbutt the will-o-the-wisp!
The will-o-the-wisp is severely damaged.
You block the will-o-the-wisp's attack.
You hit the will-o-the-wisp.
The will-o-the-wisp is severely damaged.
You closely miss the will-o-the-wisp.
The will-o-the-wisp is severely damaged.
You block the will-o-the-wisp's attack.
You completely miss the will-o-the-wisp.
You headbutt the will-o-the-wisp, but do no damage.
The will-o-the-wisp is severely damaged.
The will-o-the-wisp engulfs you.
You thump the will-o-the-wisp!
You destroy the will-o-the-wisp!
That felt strangely unrewarding.
A small abomination comes into view.
You hit the juggernaut simulacrum.
The juggernaut simulacrum is lightly damaged.
The juggernaut simulacrum misses you. The juggernaut simulacrum hits you.
The juggernaut simulacrum freezes you!!!
You die...

##.. .....##
#...#......#
...........##
#.....#∩....#
# ....#.....#
.#. ........
....##.#..##
......#.Z#.#
# #..@#.#
###.#.# #.###
##.## # # ..#
#. ...# ..
x...# #..
.##. #5 # .


You could see a juggernaut simulacrum.

Vanquished Creatures
  A bone dragon (Abyss:2)
  A fire dragon (D:11)
  2 hydras
  Erica (D:10)
  A centaur warrior (D:8)
  A death knight (D:8)
  4 two-headed ogres
  A skeletal warrior (D:7)
  A large abomination (Abyss:2)
  An orc knight (Bailey)
  The ghost of grumblor the Chopper, a novice VSFi of Sif Muna (D:7)
  An ugly thing (D:8)
  A cyclops (D:8)
  A will-o-the-wisp (Abyss:2)
  2 manticores
  2 unseen horrors
  A smoke demon (Abyss:2)
  Joseph (D:10)
  A cane toad (Lair:1)
  2 tengu conjurers (D:8)
  4 trolls
  2 hornets
  A blink frog (shapeshifter) (Abyss:2)
  A shadow (D:9)
  A wraith (D:11)
  8 yaks
  Eustachio (D:4)
  2 wyverns
  A vampire mosquito (D:8)
  A chaos spawn (Abyss:2)
  A steam dragon (D:8)
  Edmund (D:5)
  2 acid dragons
  2 water moccasins (D:8)
  A small abomination (Abyss:2)
  16 orc warriors
  A sky beast (D:8)
  A hornet zombie (D:5)
  2 ice beasts
  2 necrophages
  An ogre (D:5)
  3 black bears
  9 centaurs
  2 phantoms
  A kobold brigand (D:8)
  A gnoll sergeant (D:11)
  7 bullfrogs
  2 scorpions
  A wyvern zombie (D:7)
  12 killer bees
  3 howler monkeys (D:9)
  3 centaur zombies
  5 hounds
  A bullfrog zombie (D:7)
  6 jellies
  Crazy Yiuf (D:3)
  6 orc priests
  A gnoll shaman (D:4)
  A centaur skeleton (D:6)
  Jessica (D:3)
  Terence (D:3)
  Ijyb (D:3)
  3 iguanas
  16 orc wizards
  2 scorpion zombies (D:5)
  2 hound skeletons (D:4)
  3 howler monkey zombies
  8 gnolls
  8 adders
  A shadow imp (D:8)
  3 white imps
  2 worms (D:4)
  3 dart slugs
  49 orcs
  7 endoplasms
  4 giant cockroaches
  16 goblins
  8 hobgoblins
  3 jackals (D:3)
  10 kobolds
  3 quokkas
  7 ball pythons
  5 bats
  3 frilled lizards
  A quokka skeleton (D:4)
  4 rats
318 creatures vanquished.

Vanquished Creatures (others)
  A fungus (Lair:1)
1 creature vanquished.

Grand Total: 319 creatures vanquished

Notes
Turn   | Place    | Note
-------+----------+-------------------------------------------
     0 | D:1      | blank1 the Minotaur Fighter began the quest for the Orb.
     0 | D:1      | Reached XP level 1. HP: 19/19 MP: 0/0
    39 | D:1      | Reached XP level 2. HP: 19/27 MP: 1/1
   217 | D:1      | Found a faded altar of an unknown god.
   301 | D:1      | Reached skill level 1 in Dodging
   627 | D:1      | Reached XP level 3. HP: 18/33 MP: 2/2
  1039 | D:2      | Found a shadowy altar of Dithmenos.
  1737 | D:3      | Found a blossoming altar of Fedhas.
  1881 | D:3      | Found a sparkling altar of Nemelex Xobeh.
  1915 | D:3      | Reached XP level 4. HP: 32/41 MP: 3/3
  2124 | D:3      | Noticed Jessica
  2124 | D:3      | Noticed a scorpion
  2148 | D:3      | Killed Jessica
  2181 | D:3      | Killed a scorpion
  2182 | D:3      | Reached skill level 5 in Fighting
  2182 | D:3      | Reached XP level 5. HP: 23/48 MP: 4/4
  2190 | D:3      | Reached skill level 5 in Maces & Flails
  2536 | D:3      | Noticed Terence
  2542 | D:3      | Killed Terence
  2805 | D:3      | Found a runed translucent door.
  2806 | D:3      | Noticed Crazy Yiuf
  2914 | D:3      | Noticed Ijyb
  2936 | D:3      | Killed Ijyb
  2937 | D:3      | Reached XP level 6. HP: 42/56 MP: 5/5
  3147 | D:3      | Killed Crazy Yiuf
  3763 | D:4      | Noticed Eustachio
  4031 | D:4      | Killed Eustachio
  4032 | D:4      | Reached XP level 7. HP: 59/64 MP: 6/6
  4214 | D:5      | Entered Level 5 of the Dungeon
  4300 | D:5      | Noticed Edmund
  4310 | D:5      | Killed Edmund
  4372 | D:5      | Reached skill level 5 in Armour
  4755 | D:5      | Found a shadowy altar of Dithmenos.
  4764 | D:5      | Reached XP level 8. HP: 72/73 MP: 7/7
  5340 | D:5      | Found a staircase to the Ecumenical Temple.
  5582 | Temple   | Entered the Ecumenical Temple
  5587 | Temple   | Became a worshipper of Warmaster Okawaru
  6370 | D:6      | Reached * piety under Okawaru
  6376 | D:6      | Reached XP level 9. HP: 58/83 MP: 8/8
  6931 | D:6      | Reached skill level 10 in Fighting
  6931 | D:6      | Reached skill level 10 in Maces & Flails
  7235 | D:7      | Identified the +9 flail of Valour {drain, Dex+2}
  7306 | D:7      | Found a runed translucent gate.
  7308 | D:7      | Found a runed translucent gate.
  7308 | D:7      | Found a runed translucent gate.
  7309 | D:7      | Found an opulent altar of Gozag.
  7313 | D:7      | Noticed grumblor's ghost (novice VSFi)
  7313 | D:7      | Noticed a skeletal warrior
  7343 | D:7      | Reached skill level 1 in Invocations
  7626 | D:8      | Reached skill level 5 in Dodging
  7654 | D:8      | Noticed a tengu conjurer
  7654 | D:8      | Noticed a cyclops
  7655 | D:8      | Noticed a manticore
  7657 | D:8      | Noticed a troll
  7659 | D:8      | Noticed a two-headed ogre
  7660 | D:8      | Killed a tengu conjurer
  7660 | D:8      | Reached ** piety under Okawaru
  7666 | D:8      | Killed a cyclops
  7688 | D:7      | Killed a two-headed ogre
  7689 | D:7      | Reached XP level 10. HP: 11/93 MP: 10/12
  8026 | D:7      | Reached skill level 5 in Invocations
  8028 | D:7      | Killed a manticore
  8028 | D:7      | Reached *** piety under Okawaru
  8276 | D:8      | Identified the +6 glaive of Law {drain, SInv}
  8276 | D:8      | Noticed a death knight
  8414 | D:8      | Noticed a centaur warrior
  8422 | D:8      | Killed a centaur warrior
  8602 | D:8      | Noticed a green ugly thing
  8611 | D:8      | Killed a green ugly thing
  8611 | D:8      | Reached **** piety under Okawaru
  8625 | D:8      | Found a sacrificial altar of Ru.
  8692 | D:8      | Identified the +9 arbalest of the Apocalypse {freeze, Will+
                  | rCorr Str+5 Dex+2}
  8959 | D:8      | Reached XP level 11. HP: 71/104 MP: 13/13
  9117 | D:8      | Reached ***** piety under Okawaru
  9209 | D:8      | Reached XP level 12. HP: 112/112 MP: 14/14
  9275 | D:8      | Reached skill level 5 in Shields
  9407 | D:8      | Killed a death knight
 10373 | D:7      | Killed grumblor's ghost
 10375 | D:7      | Reached skill level 1 in Crossbows
 11163 | D:9      | Noticed a two-headed ogre
 11169 | D:9      | Killed a two-headed ogre
 11246 | D:9      | Found a glowing golden altar of the Shining One.
 11721 | D:10     | Entered Level 10 of the Dungeon
 11723 | D:10     | Identified a scroll of acquirement
 11723 | D:10     | Acquired the +6 plate armour "Zuwnad" {rF+ Str+3 Int+5
                  | Stlth-}
 11898 | D:10     | Found a flagged portal.
 11944 | D:10     | Found a white marble altar of Elyvilon.
 12020 | D:10     | Noticed Joseph
 12029 | D:10     | Killed Joseph
 12096 | Bailey   | Entered a bailey
 12459 | Bailey   | Got Kikubaaqudgha's Papyrus of Evil Secrets
 12567 | D:10     | Noticed a two-headed ogre
 12568 | D:10     | Found a bloodstained altar of Trog.
 12617 | D:10     | Noticed Erica
 12619 | D:10     | Killed Erica
 12718 | D:10     | Killed a two-headed ogre
 12718 | D:10     | Received a gift from Okawaru
 12949 | D:11     | Noticed an eight-headed hydra
 12950 | D:11     | Noticed a two-headed ogre
 12955 | D:10     | Killed an eight-headed hydra
 12955 | D:10     | Received a gift from Okawaru
 13131 | D:11     | Killed a two-headed ogre
 13178 | D:11     | Received a gift from Okawaru
 13279 | D:11     | Noticed a seven-headed hydra
 13282 | D:11     | Noticed a fire dragon
 13285 | D:11     | Killed a seven-headed hydra
 13295 | D:11     | Killed a fire dragon
 13296 | D:11     | Reached XP level 13. HP: 88/124 MP: 13/15
 13789 | D:11     | Found a staircase to the Lair.
 14049 | Lair:1   | Entered Level 1 of the Lair of Beasts
 14049 | Lair:1   | Noticed Sonja
 14254 | D:11     | Received a gift from Okawaru
 14266 | Lair:1   | Cast into level 2 of the Abyss (Sonja)
 14340 | Abyss:2  | Noticed a bone dragon
 14362 | Abyss:2  | Killed a bone dragon
 14364 | Abyss:2  | HP: 5/125 [chaos spawn (9)]
 14365 | Abyss:2  | HP: 1/125 [poisoned by a chaos spawn]
 14517 | Abyss:2  | Slain by a juggernaut simulacrum

Illustrated notes

Levels and vault maps discovered:
D:1:      wander_arrival_fairy_ring, layout_loops_ring,
          chequers_ecumenical_altar_simple, hangedman_decor_growths,
          minmay_tromino_v4_a
D:2:      layout_rooms, basic_altar, nrook_campfire
D:3:      kennysheep_goblin_castle, layout_loops_corners,
          mainiacjoe_overflow_24_doors, general_overflow_altar, uniq_terence,
          uniq_crazy_yiuf_cottage, uniq_jessica
D:4:      layout_basic, uniq_eustachio
D:5:      layout_cave_pods, mainiacjoe_overflow_tiny_flanked,
          minmay_temple_entry_proselytizer, hangedman_decor_points, uniq_edmund
D:6:      layout_cave_pools
D:7:      layout_rooms, ebering_ghost_gozag
D:8:      minmay_the_grid_octo_tiled_octocenter
          [minmay_the_grid_octo_fat_diamond, minmay_the_grid_octo_77,
          minmay_the_grid_octo_teeth, minmay_the_grid_octo_tetromino_candy,
          minmay_the_grid_octo_prize_ultimate_mussel_roller,
          minmay_the_grid_square_5x5_seven,
          minmay_the_grid_square_5x5_sharp_hourglass,
          minmay_the_grid_square_5x5_lines,
          minmay_the_grid_square_5x5_half_checkered], layout_loops_ring,
          nicolae_ru_sacrificial_ziggurat
D:9:      layout_loops_ring, lemuel_coloured_pillars_altar, bh_walls_and_bars
D:10:     layout_basic, elyvilon_altar_5, amcnicky_altar_gilded, enter_bailey_6,
          uniq_joseph, uniq_erica
D:11:     layout_cave_pools, minmay_lair_entry_lava,
          hangedman_abyss_or_decor_stagger, evilmike_minifort
Temple:   minmay_freezing_vapour_temple
Lair:1:   layout_hall_layers, minmay_hedge_maze, chequers_serial_rivers_room_a,
          uniq_sonja
Abyss:2:  base: D:8, eino_small_chamber_without_monster

Skill      XL: |  1  2  3  4  5  6  7  8  9 10 11 12 13 |
---------------+----------------------------------------+-----
Dodging        | 1 2 4 6 7 |  7.0
Armour         | 4 5 6 8 13 14 | 14.0
Fighting       | 4 5 6 7 9 10 12 14 | 14.5
Shields        | 4 5 |  5.0
Maces & Flails | 3 4 5 6 7 9 10 12 14 | 14.0
Invocations    | 4 5 |  5.0
Crossbows      | 4 |  4.0

Action                   |  1- 3 |  4- 6 |  7- 9 | 10-12 | 13-15 || total
-------------------------+-------+-------+-------+-------+-------++-------
Melee: Flail             |    75 |   157 |   240 |   249 |    86 ||   807
       Headbutt          |     8 |    25 |    38 |    57 |    22 ||   150
       Punch             |       |       |       |     1 |       ||     1
 Fire: Arbalest          |       |       |       |    57 |       ||    57
Invok: Heroism           |       |       |     1 |     4 |       ||     5
       Finesse           |       |       |       |     2 |       ||     2
  Use: Scroll            |     4 |     4 |     9 |     7 |       ||    24
       Potion            |       |       |       |     1 |     2 ||     3
Armor: Scale mail        |    13 |       |       |       |       ||    13
       Chain mail        |    22 |    12 |       |       |       ||    34
       Plate armour      |       |    95 |   156 |   198 |    49 ||   498
Dodge: Dodged            |    29 |    69 |    78 |   174 |    55 ||   405
Block: Buckler           |     8 |    44 |    42 |    69 |    32 ||   195

Table legend: (Time is in decaauts)
 A = Elapsed time spent in this place.
 B = Non-inter-level travel time spent in this place.
 C = Inter-level travel time spent in this place.
 D = Time resting spent in this place.
 E = Time spent auto-exploring this place.
 F = Levels seen in this place.
 G = Mean time per level.
                   A        B        C        D        E       F      G
               +--------+--------+--------+--------+--------+-----+--------+
         Total |  14561 |  13501 |   1060 |   2546 |   8350 |  15 |  970.7 |
       Dungeon |  13855 |  12795 |   1060 |   2374 |   8114 |  11 | 1259.5 |
        Temple |     10 |     10 |      0 |      0 |      0 |   1 |   10.0 |
          Lair |     25 |     25 |      0 |      0 |      0 |   1 |   25.0 |
         Abyss |    250 |    250 |      0 |    172 |      0 |   1 |  250.0 |
        Bailey |    419 |    419 |      0 |      0 |    236 |   1 |  419.0 |
               +--------+--------+--------+--------+--------+-----+--------+

Top non-repeatable levels by time:
     D:5: 1890 daAuts
     D:3: 1847 daAuts
     D:8: 1752 daAuts
     D:7: 1490 daAuts
    D:11: 1122 daAuts
     D:4: 1064 daAuts
     D:9: 1053 daAuts
     D:1: 1044 daAuts
     D:6: 1035 daAuts
    D:10: 1004 daAuts
     D:2: 550 daAuts
  Bailey: 419 daAuts
 Abyss:2: 250 daAuts
  Lair:1: 25 daAuts
  Temple: 10 daAuts
